[Event "Early-Titled-Tuesday-Blitz-October-17-2023"]
[Site "Chess.com"]
[Date "2023.10.17"]
[Round "4"]
[White "Juicy_Fork"]
[Black "alexrustemov"]
[Result "1/2-1/2"]
[WhiteElo "2426"]
[BlackElo "2800"]
[TimeControl "180+1"]
[EndTime "8:42:59 PDT"]
[Termination "Game drawn by repetition"]

1. e4 e6 2. d4 d5 3. Nc3 dxe4 4.
Nxe4 Bd7 5. Nf3 Bc6 6. Bd3 Nd7 7.
O-O Ngf6 8. Nxf6+ Nxf6 9. c3 Bxf3 10. Qxf3 Qd5 11. Qxd5 Nxd5 12. Re1 Be7 13. a3 Rd8 14. h3 O-O 15. Bc2 c6 16. Bd2 Rd7 17. Rad1 Rfd8 18.
a4 a5 19. g3 g6 20. Bh6 Bf8 21. Bc1 Kg7 22. f4 h5 23. Kf2 Bd6 24. Kf3 b5 25. axb5 cxb5 26. g4 hxg4+ 27. hxg4 a4 28. f5 exf5 29.
gxf5 a3 30. Rg1 axb2 31. Bxb2 Ne7 32. Rde1 Rh8 33. c4 bxc4 34. f6+ Kf8 35. fxe7+ Bxe7 36. Rh1 Rxh1 37. Rxh1 Bf6 38. Ke3 Re7+ 39. Be4 Bg5+ 40. Kf3 f5 41. Bd5 Re3+ 42. Kf2 Rd3 43. Rh8+ Kg7 44. Rg8+ Kh7 45. Ke1 c3 46. Ba3 Rxd4 47. Bb3 c2 48. Rf8 Rd1+ 49. Ke2 c1=Q 50. Bxc1 Rxc1 51.
Rf7+ Kh6 52. Rb7 Rb1 53. Bd5 Rxb7 54. Bxb7 Bd8 55. Kf3 Bc7 56. Kg2 g5 57. Bf3 g4 58.
Bb7 Kg5 59. Ba8 f4 60. Bd5 Bb6 61. Bc6 Kf6 62. Bb7 Ke5 63. Bc8 f3+ 64. Kg3 f2 65. Ba6 Kf5 66. Bd3+ Kg5 67. Be2 Bc5 68. Bd3 Bd4 69. Be2 Kf5 70. Bxg4+ Ke4 71. Be2 Ke3 72. Ba6 Kd2 73. Bb5 Ke1 74. Ba6 Bc5 75. Bb5 Bb6 76. Kg2 Ba7 77. Bf1 Bb6 78. Bd3 Bc5 79. Bf1 Bd4 80.
Ba6 Bc5 81. Bf1 Bb6 82. Ba6 Bc5 83. Bf1 1/2-1/2

[Event "Early-Titled-Tuesday-Blitz-October-17-2023"]
[Site "Chess.com"]
[Date "2023.10.17"]
[Round "4"]
[White "AradNazari"]
[Black "Andrei_Skvortsov"]
[Result "1/2-1/2"]
[WhiteElo "2854"]
[BlackElo "2665"]
[TimeControl "180+1"]
[EndTime "8:43:00 PDT"]
[Termination "Game drawn - insufficient material"]

1. e4 c5 2. Nf3 d6 3. Bb5+ Bd7 4. Bxd7+ Qxd7 5. O-O Nf6 6. Re1 g6 7. c3 Bg7 8. d4 cxd4 9. cxd4 O-O 10. Nc3 e6 11. Bg5 h6 12. Bxf6 Bxf6 13. e5 Bg7 14.
Ne4 dxe5 15. dxe5 Qxd1 16. Raxd1 Nc6 17. Nd6 Rfd8 18. Nxb7 Rxd1 19. Rxd1 Nxe5 20. Nxe5 Bxe5 21. b4 Rc8 22. Nc5 Bc7 23. g3 Bb6 24. Nb3 Rc4 25.
a3 Rc3 26. Rb1 Rc2 27. Nc5 Bxc5 28. bxc5 Rxc5 29. a4 Rc4 30. a5 Rc5 31. a6 Rc6 32. Ra1 g5 33. Kg2 Rc3 34. Ra4 Kh7 35. Rb4 Rc6 36.
Rb7 Rxa6 37. Rxf7+ Kg6 38. Re7 Kf6 39. Rh7 Kg6 40.
Re7 h5 41. h4 gxh4 42. gxh4 Kf6 43. Rh7 Ra5 44. Kg3 a6 45. Ra7 Ra3+ 46. f3 a5 47. Ra8 Ra1 48. Rh8 Kg6 49. Rg8+ Kf6 50. Rh8 Kg6 51.
Rg8+ Kh6 52. Rh8+ Kg7 53. Rxh5 a4 54. Kf4 a3 55. Ra5 Kf6 56. Ra6 a2 57. h5 Kf7 58.
Ra7+ Kf6 59. Ra6 Ke7 60. Ra7+ Kd6 61. Ra6+ Kd5 62. h6 e5+ 63. Kf5 Rf1 64. Rxa2 Rxf3+ 65. Kg4 Rf8 66. Rh2 Rh8 67. Kf5 e4 68. Rd2+ Kc4 69.
Rh2 e3 70. Kf4 e2 71. Rxe2 Rxh6 72. Rg2 Rc6 73. Rg4 Kb5 74. Ke5 Rc5+ 75. Kd6 Rc6+ 76. Kd7 Rc4 77. Rxc4 Kxc4 1/2-1/2

[Event "Early-Titled-Tuesday-Blitz-October-17-2023"]
[Site "Chess.com"]
[Date "2023.10.17"]
[Round "4"]
[White "cristiano78"]
[Black "FunnyDuck66"]
[Result "1-0"]
[WhiteElo "2264"]
[BlackElo "2457"]
[TimeControl "180+1"]
[EndTime "8:43:00 PDT"]
[Termination "cristiano78 won by resignation"]

1. d4 Nf6 2. c4 e6 3. Nf3 Bb4+ 4. Bd2 Qe7 5. Nc3 O-O 6. g3 d6 7. Bg2 Nbd7 8. O-O Bxc3 9. Bxc3 e5 10. Rc1 e4 11. Ng5 h6 12. Nh3 c6 13. e3 a5 14. Nf4 d5 15. cxd5 cxd5 16. Qb3 Qd6 17. h4 b6 18. Rfd1 Ba6 19. Bf1 Bxf1 20. Kxf1 Rfc8 21.
Bd2 Rab8 22. Rc3 g5 23. hxg5 hxg5 24. Nh3 Rxc3 25. Qxc3 Kg7 26. Rc1 Rh8 27. Kg2 Kg6 28. Qc6 Qe7 29. a3 Qf8 30. Ng1 Qh6 31. Qd6 Qh1+ 32. Kf1 Kg7 33. Rc7 Rh2 34. Be1 Qg2+ 35. Ke2 Qxg1 36. Rxd7 Nxd7 37. Qxd7 Qg2 38. Qxd5 Qf3+ 39.
Kd2 Rh1 40. Qxg5+ Kf8 41. Qd8+ Kg7 42. Qxb6 Qg2 43. Qxa5 Qf1 44. Qg5+ Kh7 45. Qf5+ Kh6 46. Qf6+ Kh7 47. Qxf7+ Kh6 48. Qf6+ Kh5 49. Qf5+ Kh6 50. Qe6+ Kg7 51. Qe5+ Kg6 52. Qxe4+ Kf7 53. Qf4+ Ke7 54.
Qe5+ Kd7 55. Qb5+ Ke7 56. Qxf1 Rxf1 57. Ke2 Rh1 58. g4 Rh8 59. f4 Rg8 60. g5 Ke6 61.
Bb4 Kf5 62. Kd3 Re8 63. Bd6 Rb8 64. Be5 Rxb2 65. Kc4 Re2 66. a4 Ra2 67. Kb5 Re2 68. a5 Rxe3 69. a6 Ra3 70. Kb6 Rb3+ 71. Ka5 Ra3+ 72. Kb5 Rb3+ 73. Kc6 Ra3 74. Kb7 Rb3+ 75. Ka8 Ke6 76. a7 Kd7 77. g6 Kc8 78. g7 Rg3 79. f5 Rg1 80. f6 Rf1 81. g8=Q+ Kd7 82. Qg3 1-0

[Event "Early-Titled-Tuesday-Blitz-October-17-2023"]
[Site "Chess.com"]
[Date "2023.10.17"]
[Round "4"]
[White "KNVB"]
[Black "Szczor"]
[Result "1/2-1/2"]
[WhiteElo "2681"]
[BlackElo "2535"]
[TimeControl "180+1"]
[EndTime "8:43:02 PDT"]
[Termination "Game drawn by repetition"]

1. d4 Nf6 2. Nc3 d5 3. Bf4 e6 4. Nb5 Na6 5. e3 c6 6. Nc3 Nc7 7. Nf3 Bd6 8. Bd3 O-O 9. O-O Bxf4 10. exf4 Qd6 11. Ne5 b6 12. a4 c5 13. Qf3 cxd4 14. Nb5 Nxb5 15. axb5 Bb7 16. Ra4 Qc5 17. Rfa1 Ne4 18.
Nd7 Qc7 19. Nxf8 Rxf8 20. Rxa7 Qb8 21. Qe2 Re8 22. g3 f6 23. f3 Nd6 24. Qf2 e5 25. R7a4 e4 26. Bf1 d3 27. cxd3 e3 28. Qe1 Nxb5 29. d4 Nd6 30. Be2 b5 31. Rb4 Bc6 32. b3 Qb6 33. Rc1 Nf5 34. Kg2 Nxd4 35.
Rxd4 Qxd4 36. Rxc6 Qd2 37. Qxd2 exd2 38. Kf2 d4 39.
Rc2 d3 40. Rxd2 dxe2 41. Rxe2 Rc8 42. f5 Rc3 43. Re3 Rc2+ 44. Kg1 Rb2 45. g4 Kf7 46.
h4 g6 47. fxg6+ hxg6 48. Kf1 f5 49. gxf5 gxf5 50. Re5 Rxb3 51. Rxf5+ Kg6 52. Rg5+ Kf6 53. Kg2 b4 54. Rb5 Rb1 55. Kg3 b3 56. Kf4 b2 57.
Rb6+ Kf7 58. h5 Rh1 59. Rb7+ Kf6 60. Rb6+ Kf7 61. Rxb2 Rxh5 62. Rb7+ Kf6 63. Rb6+ Kf7 64. Rb7+ Kf6 65. Kg4 Ra5 66. Rb6+ Kf7 67. Rc6 Kg7 68. Rd6 Kf7 69. Rb6 Kg7 70. Kg3 Kf7 71. Kh3 Ra4 72.
Kg3 Kg7 73. Rc6 Kf7 74. f4 Kg7 75. Kg4 Ra5 76. Rb6 Kf7 77. Rb7+ Kf6 78. Rb6+ Kf7 79. Rc6 Kg7 80. Kh4 Kf7 81. Rd6 Kg7 82. Rd2 Kf7 83.
Kg4 Kf6 84. Rh2 Kf7 85. Rh6 Kg7 86. Rb6 Kf7 1/2-1/2

[Event "Early-Titled-Tuesday-Blitz-October-17-2023"]
[Site "Chess.com"]
[Date "2023.10.17"]
[Round "4"]
[White "vishwa_vijeta"]
[Black "jk13"]
[Result "0-1"]
[WhiteElo "2527"]
[BlackElo "2686"]
[TimeControl "180+1"]
[EndTime "8:43:03 PDT"]
[Termination "jk13 won by checkmate"]

1. e4 e5 2. Nf3 Nc6 3. d4 exd4 4. Nxd4 Bb4+ 5. c3 Bc5 6. Nxc6 bxc6 7. Bc4 Qh4 8. O-O Nf6 9. Nd2 Ng4 10. Nf3 Nxf2 11.
Bxf7+ Kd8 12. Qe2 Nxe4+ 13. Be3 Ba6 14. Qe1 Qxe1 15. Rfxe1 Bxe3+ 16. Rxe3 Nd6 17. Ne5 Rf8 18. Rae1 Kc8 19. Bb3 Rb8 20. Rd1 Rb5 21. c4 Rc5 22. Ree1 Re8 23. Nd3 Rf5 24. Rxe8+ Nxe8 25. Nb4 Bb7 26. Bc2 Rh5 27. h3 Nf6 28. b3 Re5 29. Nd3 Re3 30. Bb1 c5 31. Nxc5 Bc6 32. Kf2 Re5 33.
Nd3 Rf5+ 34. Kg1 h5 35. Rf1 Rg5 36. Nf4 Ne4 37. Re1 Nc3 38. Bd3 Rg3 39. Kf2 h4 40. Bb1 a5 41. Bf5 Nxa2 42. Re8+ Kb7 43. Be4 Bxe4 44.
Rxe4 Nc3 45. Re5 Ka6 46. Rf5 c6 47. Nh5 Rg6 48. Nf4 Rf6 49. Rxf6 gxf6 50. Nh5 d5 51. Nxf6 dxc4 52. bxc4 a4 53. Nd7 Ka5 54. Nc5 Kb4 55.
Nxa4 Nxa4 56. g3 hxg3+ 57. Kxg3 Kxc4 58. Kf4 Kd5 59. Kf5 Nc5 60. h4 Ne6 61. Kf6 Nf4 62. Kf5 Nh5 63. Kg6 Ng3 64. Kg5 Ke6 65. Kg4 Nf5 66.
h5 Kf6 67. Kf4 Ne7 68. h6 Kg6 69. Ke5 Kxh6 70. Kd6 Kg5 71. Kxe7 c5 72. Kd6 c4 73. Kc5 c3 74. Kc4 c2 75. Kc3 c1=Q+ 76. Kb3 Qf4 77.
Ka3 Kf5 78. Ka2 Ke5 79. Ka1 Kd5 80. Ka2 Qc4+ 81. Ka1 Qb5 82. Ka2 Kc4 83. Ka1 Kc3 84.
Ka2 Qb2# 0-1

[Event "Early-Titled-Tuesday-Blitz-October-17-2023"]
[Site "Chess.com"]
[Date "2023.10.17"]
[Round "4"]
[White "Rosh1610"]
[Black "ArtemDyachuk"]
[Result "0-1"]
[WhiteElo "2447"]
[BlackElo "2638"]
[TimeControl "180+1"]
[EndTime "8:43:12 PDT"]
[Termination "ArtemDyachuk won on time"]

1. e4 c5 2. Nf3 d6 3. d4 cxd4 4. Nxd4 Nf6 5. Nc3 Nc6 6. Bc4 e6 7. Bb3 a6 8. O-O Be7 9. Be3 O-O 10. f4 Bd7 11. Qf3 Rc8 12. Rae1 b5 13. a3 Qc7 14. Qg3 Rfe8 15. f5 Bf8 16. fxe6 fxe6 17. Rxf6 Ne5 18.
Nxe6 Bxe6 19. Bxe6+ Kh8 20. Bxc8 gxf6 21. Bf5 Qf7 22.
Nd5 Bg7 23. Qh3 h5 24. Nf4 Bh6 25. Nxh5 Bxe3+ 26. Rxe3 Kg8 27. Nf4 Kf8 28. Qh8+ Ke7 29. Nd5+ Kd8 30. Qxf6+ Qxf6 31. Nxf6 Rh8 32. b3 Kc7 33.
Rc3+ Kb7 34. Nd5 a5 35. g4 b4 36. axb4 axb4 37. Nxb4 Ra8 38. Nd5 Ra1+ 39. Kg2 Rd1 40. Rc7+ Kb8 41. Rc8+ Kb7 42. g5 Rd2+ 43. Kg3 Rd1 44.
h4 Rg1+ 45. Kf2 Rh1 46. Rc7+ Kb8 47. Re7 Rxh4 48. Rxe5 dxe5 49. g6 Rh2+ 50. Kg3 Rh1 51. g7 Rg1+ 52. Kf2 Rxg7 53. Ke3 Kb7 54. Kd3 Kc6 55.
Kc4 Ra7 56. c3 Kd6 57. b4 Ra3 58. b5 Ra4+ 59. Kb3 Ra5 60. Kb4 Rxb5+ 61. Kc4 Rc5+ 62. Kd3 Rb5 63. c4 Rb3+ 64. Kc2 Rg3 65. Nb4 Kc5 66.
Nd3+ Kd4 67. Nb2 Rc3+ 68. Kb1 Kc5 69. Be6 Kb4 70. Bd5 Rh3 71. Be6 Rh2 0-1

[Event "Early-Titled-Tuesday-Blitz-October-17-2023"]
[Site "Chess.com"]
[Date "2023.10.17"]
[Round "4"]
[White "WindWhistler11"]
[Black "MdSharifHossain"]
[Result "0-1"]
[WhiteElo "2458"]
[BlackElo "2209"]
[TimeControl "180+1"]
[EndTime "8:43:17 PDT"]
[Termination "MdSharifHossain won on time"]

1. Nf3 Nf6 2. g3 e6 3. d3 d5 4.
Nbd2 Bb4 5. c3 Bc5 6. Nb3 Bb6 7. Bg2 O-O 8. O-O a5 9. a4 c5 10. Qc2 Nc6 11. e4 c4 12. dxc4 Nxe4 13. cxd5 exd5 14. Be3 Bf5 15. Nh4 Bg6 16. Nxg6 hxg6 17. Bxe4 dxe4 18. Qxe4 Re8 19. Qf4 Ne5 20. Rad1 Qc7 21. Bd4 g5 22. Qe4 Bxd4 23. Nxd4 g4 24. Kg2 Qc4 25. Rfe1 Nf3 26.
Qxe8+ Rxe8 27. Rxe8+ Kh7 28. Re3 Qd5 29. Kf1 Nxh2+ 30.
Ke2 Qc4+ 31. Kd2 Qd5 32. Kc2 Kg6 33. b3 Qg2 34. Re2 Nf3 35. Nb5 f6 36. Nc7 Ne5 37.
Ne6 Qf3 38. Nd4 Qd5 39. c4 Qc5 40. Ne6 Qa3 41. Nf4+ Kf5 42. Kc3 Qb4+ 43. Kb2 Nxc4+ 44. Kc2 Na3+ 45. Kb2 Nc4+ 46. Kc2 Ne5 47. Rd5 Qe7 48. Rb5 Qc7+ 49. Kb1 b6 50. Nd5 Qc6 51. Ne3+ Kg6 52. Nc2 Nd3 53. Re3 Nb4 54. Nxb4 axb4 55. Rd3 Qe4 56. Kc2 Qe2+ 57. Rd2 Qe4+ 58. Kc1 Qc6+ 59. Kd1 Qc3 60. Rxb6 Qxb3+ 61. Ke1 Qxa4 62. Rb7 Qa1+ 63. Ke2 Qd4 64. Kd1 Qc3 65. Rdd7 b3 66. Rxg7+ Kf5 67.
Rgc7 Qd3+ 68. Kc1 Qf1+ 69. Kb2 Qxf2+ 70. Ka3 Qxg3 71. Rb5+ Kg6 72. Rxb3 Qxc7 0-1

[Event "Early-Titled-Tuesday-Blitz-October-17-2023"]
[Site "Chess.com"]
[Date "2023.10.17"]
[Round "4"]
[White "Heinza9"]
[Black "Alenzer"]
[Result "1-0"]
[WhiteElo "2297"]
[BlackElo "2105"]
[TimeControl "180+1"]
[EndTime "8:43:20 PDT"]
[Termination "Heinza9 won by resignation"]

1. e4 c5 2. Nf3 e6 3. b3 d5 4. exd5 exd5 5. Bb2 Nc6 6. d4 Nf6 7. Bd3 Bd6 8. h3 O-O 9. O-O cxd4 10. Nxd4 Nb4 11.
Be2 Re8 12. Bf3 Nc6 13. Ne2 Ne5 14. Nd4 Nxf3+ 15. Nxf3 Be6 16. Re1 Ne4 17. Nbd2 Nxd2 18.
Qxd2 Rc8 19. Qd4 Bf8 20. Re2 a6 21. Rae1 Qd7 22. Ne5 Qe7 23. c4 dxc4 24. Nxc4 Qg5 25. Re5 Qg6 26. Qh4 Be7 27. Qg3 Qxg3 28. fxg3 Bf6 29.
R5e2 Bxb2 30. Nxb2 Kf8 31. Nd3 Bd7 32. Ne5 Bb5 33.
Re3 Rc2 34. Rf3 f6 35. a4 Bc6 36.
Nxc6 Rxc6 37. Rxe8+ Kxe8 38. Rd3 Ke7 39. Kf2 Rd6 40.
Rc3 Ke6 41. Ke3 Rd7 42. Rc4 f5 43. g4 fxg4 44. Rxg4 g6 45. Re4+ Kf5 46. Rf4+ Ke5 47. Rb4 Rc7 48. Rb6 Kd5 49. a5 Re7+ 50. Kd3 Rf7 51.
Ke3 Kc5 52. Re6 Rd7 53. Re5+ Kb4 54. g4 Kxb3 55. Kf4 Kc4 56. h4 Rf7+ 57. Kg5 Kd4 58. Re6 Rd7 59. Rb6 Rd5+ 60. Kh6 Rxa5 61. Rxb7 Ke5 62.
Kxh7 Kf6 63. Rb6+ Ke5 64. Kxg6 Ra1 65. h5 Rh1 66. g5 a5 67. h6 a4 68. Ra6 Rh4 69. h7 a3 70. Kg7 a2 71. g6 Kf5 72.
Rxa2 Rh1 73. Ra5+ Ke6 74. h8=Q Rxh8 75. Kxh8 Kf6 76. Kh7 1-0

[Event "Early-Titled-Tuesday-Blitz-October-17-2023"]
[Site "Chess.com"]
[Date "2023.10.17"]
[Round "4"]
[White "Fh2411"]
[Black "Chessbard1972"]
[Result "1/2-1/2"]
[WhiteElo "2535"]
[BlackElo "2366"]
[TimeControl "180+1"]
[EndTime "8:43:29 PDT"]
[Termination "Game drawn by repetition"]

1. d4 Nf6 2. Nf3 g6 3. c4 Bg7 4. Nc3 O-O 5. Bg5 h6 6. Bh4 g5 7. Bg3 Nh5 8. e3 Nxg3 9. hxg3 d6 10. Bd3 f5 11. Qe2 e5 12. dxe5 dxe5 13. O-O-O Qe8 14. Bc2 Be6 15. Nd5 Na6 16. a3 c6 17. Nc3 Qf7 18. b3 Nc5 19. e4 f4 20. Rd6 Rad8 21. Qd2 Qe7 22. Rd1 Rxd6 23. Qxd6 Qxd6 24. Rxd6 Re8 25. b4 Nd7 26. c5 Bf8 27. Rxe6 Rxe6 28. Bb3 Kf7 29. gxf4 gxf4 30. Nh4 Kf6 31. Bxe6 Kxe6 32.
Nf5 a5 33. Kc2 axb4 34. axb4 b6 35. cxb6 Nxb6 36. b5 cxb5 37. Nxb5 Bc5 38. f3 Nc4 39. Nc7+ Kf6 40. Nd5+ Kg6 41. Kd3 Nb6 42. Nxb6 Bxb6 43. Kc4 Ba5 44. Kd5 Bc3 45. Ke6 Kg5 46. Kf7 h5 47. Ke6 Ba1 48. Kd5 Bb2 49. Kc4 Ba1 50.
Kd3 Bb2 51. Nd6 Kh4 52. Nf5+ Kg5 53. Ke2 Ba1 54. Kf2 Bb2 55. Kg1 Ba1 56. Kh2 Bc3 57. Kh3 Be1 58. Nd6 Bc3 59. Nf7+ Kf6 60. Nd8 Kg5 61. Nc6 Ba1 62. Ne7 Kf6 63. Nd5+ Kg5 64. Nb4 Bd4 65. Nd3 Bc3 66. Nf2 Be1 67. Nd3 Bc3 68. Kh2 Ba1 69. Kh3 Bd4 70. Nb4 Bc3 71.
Nd5 Ba1 72. Ne7 Bd4 73. Nf5 Ba1 74. Nh4 Bc3 75. Nf5 Ba1 76. Nd6 Bb2 77. Nc4 Bd4 78. Nd6 Ba1 79. Nf7+ Kf6 80. Nd6 Kg5 81. Nb5 Bb2 82. Nc7 Ba1 83. Ne6+ Kf6 84. Nc5 Bd4 85. Nd3 Bc3 86. Kh4 Kg6 87. Kh3 Kg5 1/2-1/2

[Event "Early-Titled-Tuesday-Blitz-October-17-2023"]
[Site "Chess.com"]
[Date "2023.10.17"]
[Round "4"]
[White "Bala-Afiada"]
[Black "cycygogne"]
[Result "1/2-1/2"]
[WhiteElo "1911"]
[BlackElo "2258"]
[TimeControl "180+1"]
[EndTime "8:43:42 PDT"]
[Termination "Game drawn by stalemate"]

1. d4 Nf6 2. c4 c5 3. d5 e6 4. Nc3 exd5 5. cxd5 d6 6. Nf3 g6 7. g3 Bg7 8. Bg2 O-O 9. O-O a6 10. a4 Re8 11. Bf4 Nh5 12. Bg5 Bf6 13. Bxf6 Qxf6 14. Nd2 Bg4 15. Nc4 Qe7 16. f3 Bd7 17. e4 f5 18. Re1 f4 19. g4 Nf6 20. e5 dxe5 21. Nxe5 Qd6 22. Nc4 Qf8 23. Rxe8 Qxe8 24. Qd2 Qf8 25. Qxf4 Be8 26. Re1 Nbd7 27. Qd6 b5 28.
Qxf8+ Kxf8 29. axb5 axb5 30. Nxb5 Ra2 31. Nbd6 Bf7 32. Nxf7 Kxf7 33. Nd6+ Kf8 34. Re2 Nxd5 35. Re8+ Kg7 36. Re2 Kf8 37. g5 N7b6 38. Re8+ Kg7 39. Re2 Nf4 40. Re7+ Kf8 41. Rf7+ Kg8 42. Rxf4 Rxb2 43.
h3 c4 44. Nxc4 Rb4 45. Nxb6 Rxf4 46. Kf2 Rb4 47. Nd5 Rb2+ 48. Kg3 Rb3 49. Nf6+ Kg7 50. Ne8+ Kf7 51. Nf6 Rb2 52. Bf1 Kg7 53. Bc4 Rc2 54.
Bd5 Rd2 55. Be4 Rd1 56. Ne8+ Kf7 57. Nf6 Kg7 58. Kf4 Rh1 59. Kg4 Rg1+ 60. Kh4 Rh1 61. Ng4 Rg1 62. Ne5 Re1 63. Nd7 Rh1 64. Nc5 Re1 65. Ne6+ Kf7 66. Nf4 Kg7 67. Nd5 Rd1 68.
Kg4 Rh1 69. Bd3 Rg1+ 70. Kf4 Rd1 71. Be4 Rh1 72. Kg3 Rg1+ 73. Kh2 Rd1 74. Nf4 Rd2+ 75. Kg3 Rd1 76. Kf2 Ra1 77. Ke3 Rh1 78. Kd4 Rd1+ 79.
Ke5 Ra1 80. Bd5 Ra5 81. Ne6+ Kh8 82. Nf8 Kg7 83. Ne6+ Kh8 84. h4 Rb5 85. Nc7 Ra5 86. Ne8 Rb5 87. Nf6 Ra5 88. f4 Kg7 89. f5 gxf5 90.
Kxf5 Rb5 91. Ke6 Ra5 92. Ne8+ Kh8 93. Nd6 Kg7 94. h5 h6 95. Nf5+ Kh7 96. Nxh6 Ra6+ 97.
Kf5 Rxh6 98. gxh6 Kxh6 99. Bf7 Kh7 100. Kf6 Kh8 101. h6 Kh7 102. Kg5 Kh8 103. Kg6 1/2-1/2

[Event "Early-Titled-Tuesday-Blitz-October-17-2023"]
[Site "Chess.com"]
[Date "2023.10.17"]
[Round "4"]
[White "Jospem"]
[Black "Iball95"]
[Result "1-0"]
[WhiteElo "3109"]
[BlackElo "2817"]
[TimeControl "180+1"]
[EndTime "8:43:45 PDT"]
[Termination "Jospem won by checkmate"]

1. e4 c5 2. Nf3 e6 3. c3 d5 4. e5 Nc6 5. g3 Nge7 6. Qe2 Nf5 7. Bg2 c4 8. O-O Rb8 9. d4 cxd3 10.
Qxd3 Bc5 11. Nbd2 O-O 12. Nb3 Bb6 13. Bf4 Bd7 14. Rfe1 Rc8 15. Bh3 Nfe7 16. Be3 Bc7 17. Bc5 Re8 18. Qe3 Ng6 19. Bd4 Nxd4 20. Nbxd4 b5 21. Bg4 Bb6 22. h4 Ne7 23. Qd2 Nc6 24. a3 Nxd4 25. cxd4 Qe7 26. Bh3 b4 27. Bf1 bxa3 28.
bxa3 Rc7 29. Bd3 h6 30. a4 a5 31. Reb1 Rb7 32. Bb5 Reb8 33. Qd3 Bd8 34. Bxd7 Rxb1+ 35. Rxb1 Rxb1+ 36. Qxb1 Qxd7 37. Qb8 Kh7 38. Kg2 Be7 39.
Qb1+ Kg8 40. Qc2 Qb7 41. g4 Qb4 42. Qc8+ Bf8 43. Qc6 Be7 44. g5 hxg5 45. hxg5 g6 46. Qc2 Kg7 47. Kg3 Qa3 48. Qd1 Qa2 49. Kg2 Qa3 50.
Qc2 Qa1 51. Qb3 Qc1 52. Qb5 Qf4 53. Qd3 Bxg5 54. Qc3 Bd8 55. Kf1 Qe4 56. Nd2 Qh1+ 57. Ke2 Qh5+ 58. Nf3 Qf5 59. Nd2 Qg4+ 60. f3 Qg2+ 61.
Kd1 Bg5 62. Nb3 Qf1+ 63. Kc2 Qe2+ 64. Kb1 Qd1+ 65. Kb2 Bh4 66. Qxa5 Be1 67. Qc5 Qxf3 68. a5 Qe2+ 69. Ka3 Bxa5 70. Qxa5 g5 71. Qd8 Qe3 72.
Qf6+ Kg8 73. Kb4 g4 74. Qd8+ Kg7 75. Qh4 Qf4 76. Kb5 Qf3 77. Nc5 g3 78. Qg5+ Kh7 79.
Nd7 Qb3+ 80. Kc6 Qa4+ 81. Kc7 Qa7+ 82. Kd8 Qa8+ 83. Ke7 Qa3+ 84. Ke8 Qa8+ 85. Kxf7 g2 86. Nf6+ Kh8 87. Qg7# 1-0

[Event "Early-Titled-Tuesday-Blitz-October-17-2023"]
[Site "Chess.com"]
[Date "2023.10.17"]
[Round "4"]
[White "Dewarfd"]
[Black "balachess2006"]
[Result "0-1"]
[WhiteElo "2196"]
[BlackElo "2608"]
[TimeControl "180+1"]
[EndTime "8:44:00 PDT"]
[Termination "balachess2006 won on time"]

1. d4 Nf6 2. e3 g6 3. Nf3 Bg7 4.
Be2 O-O 5. b4 d6 6. Bb2 b6 7.
O-O Bb7 8. c4 e6 9. a4 a5 10. b5 Nbd7 11. Nc3 Re8 12. Qc2 e5 13. Rfd1 exd4 14. Nxd4 Nc5 15. Bf3 Nfe4 16. Nxe4 Nxe4 17.
Nc6 Bxc6 18. Bxg7 Kxg7 19. bxc6 Nc5 20. Rd5 Qf6 21. Rad1 Re5 22. h3 Rae8 23. R1d2 h5 24. Rd1 Rg5 25. Rxg5 Qxg5 26. Rd5 Re5 27. Rd4 Rf5 28.
Qc3 Kh7 29. Bd1 Qf6 30. f3 Ne6 31. Rd3 Qxc3 32. Rxc3 Nc5 33. Bc2 Re5 34. e4 h4 35.
Kf2 g5 36. g3 hxg3+ 37. Kxg3 f6 38. Kg4 Ne6 39. h4 Kg7 40. hxg5 Rxg5+ 41. Kh3 Nf4+ 42.
Kh2 Rg2+ 43. Kh1 Rd2 44. Bb3 Kh6 45. Rc2 Rd1+ 46. Kh2 Rd3 47. Rb2 Rxf3 48. Ba2 Re3 49. Rxb6 Re2+ 50. Kg3 Nh5+ 51. Kg4 Rxa2 52. Rb7 Rg2+ 53.
Kf5 Rg7 54. Ra7 Ng3+ 55. Ke6 Nxe4 56. Rxa5 Nc5+ 57. Kxf6 Rg5 58. Ra7 Rg4 59. Rxc7 Rg6+ 60. Kf5 Rg5+ 61. Kf6 Nxa4 62. Rc8 Rg6+ 63. Kf5 Nc5 64.
c7 Rg5+ 65. Kf6 Rg6+ 66. Kf5 Rg5+ 67. Kf6 Ne4+ 68. Ke7 Re5+ 69. Kd7 Kg7 70. Rg8+ Kxg8 71. c8=Q+ Kg7 72. Qa6 Kf6 73. Qa1 Kf5 74. Kc6 Rc5+ 75. Kb6 Ke6 76. Qc1 Re5 77. Qh6+ Nf6 78. Qh3+ Ke7 79. Kc6 Rc5+ 80. Kb6 Rxc4 81. Qe3+ Re4 82. Qa3 Ke6 83. Qa2+ Ke5 84. Qf7 d5 85. Qe7+ Kf5 86.
Qd7+ Kf4 87. Qd6+ Kf5 0-1

[Event "Early-Titled-Tuesday-Blitz-October-17-2023"]
[Site "Chess.com"]
[Date "2023.10.17"]
[Round "4"]
[White "tusplingher"]
[Black "PeshkaCh"]
[Result "1/2-1/2"]
[WhiteElo "2519"]
[BlackElo "2816"]
[TimeControl "180+1"]
[EndTime "8:44:09 PDT"]
[Termination "Game drawn by 50-move rule"]

1. e4 e5 2. Nf3 Nc6 3. Bb5 a6 4. Ba4 Nge7 5. O-O Ng6 6. c3 d5 7.
exd5 Qxd5 8. Bb3 Qd8 9. d4 Be7 10. Re1 O-O 11. dxe5 Qxd1 12. Bxd1 Bg4 13. h3 Bxf3 14.
Bxf3 Ngxe5 15. Bxc6 Nxc6 16. Bf4 Rac8 17. Nd2 Rfe8 18.
Rad1 Nd8 19. Bg3 Ne6 20. Nf3 Rcd8 21. Kf1 Kf8 22. Ne5 f6 23. Nc4 Kf7 24. Na5 Rxd1 25. Rxd1 Rb8 26. Ke2 h5 27. f3 Ke8 28. Nb3 b6 29.
Nd4 Nxd4+ 30. Rxd4 Rc8 31. a4 c5 32. Re4 Kf7 33.
Kd3 b5 34. axb5 axb5 35. Kc2 Rd8 36. Re2 Ra8 37. Rd2 Ra1 38. Rd1 Rxd1 39. Kxd1 Ke6 40.
b3 Kd5 41. Ke2 c4 42. b4 f5 43. Bf2 Bf6 44. Kd2 Bg5+ 45. Be3 Bf6 46. Bf2 g5 47. Be3 g4 48. Kc2 Bg7 49. Kd2 Be5 50. Kc2 Bg3 51. hxg4 hxg4 52. Kd2 Bh4 53. Kc2 Be1 54. Bc5 Ke5 55.
Be3 gxf3 56. gxf3 f4 57. Bd4+ Kf5 58. Kd1 Bg3 59. Ke2 Kg5 60. Kf1 Kh4 61. Kg2 Be1 62. Be5 Kg5 63. Bd4 Kf5 64. Kf1 Bd2 65. Ke2 Bc1 66.
Kd1 Be3 67. Bg7 Kg5 68. Ke2 Kh4 69. Be5 Kg3 70. Bd6 Bc1 71. Be5 Kg2 72. Bd6 Be3 73.
Be5 Kg3 74. Bd6 Bb6 75. Be5 Bd8 76. Bd4 Be7 77. Be5 Bf8 78. Bd4 Bd6 79. Bf6 Bc7 80. Bd4 Bd8 81. Be5 Bb6 82. Bf6 Be3 83. Bg7 Kh3 84.
Bf6 Ba7 85. Bg7 Bb8 86. Bf6 Bd6 87. Bg7 Be7 88. Bd4 Bf8 89. Be5 Bh6 90. Bf6 Kg3 91.
Bd4 Bg5 92. Be5 Be7 93. Bd4 Bd6 94. Bf6 Bf8 95. Bd4 Bh6 96. Bh8 Bg5 97. Bd4 Bd8 98.
Be5 Bb6 99. Bf6 Ba7 100. Bg7 Kh4 101. Be5 Be3 102. Bf6+ Kh5 103. Be5 Kg5 104. Bd6 Kh4 105. Be5 Kh3 106. Bd6 Bc1 1/2-1/2

[Event "Early-Titled-Tuesday-Blitz-October-17-2023"]
[Site "Chess.com"]
[Date "2023.10.17"]
[Round "4"]
[White "fu24"]
[Black "Tonychess32"]
[Result "1-0"]
[WhiteElo "2664"]
[BlackElo "2503"]
[TimeControl "180+1"]
[EndTime "8:44:21 PDT"]
[Termination "fu24 won by checkmate"]

1. d4 Nf6 2. Bg5 e6 3. e4 h6 4.
Bxf6 Qxf6 5. c3 c5 6. d5 exd5 7. exd5 Be7 8. Nf3 O-O 9. Be2 d6 10.
O-O Bf5 11. Na3 Nd7 12. Nc4 b5 13. Ne3 Rab8 14. Qd2 Bh7 15. Rfe1 Bd8 16. b4 cxb4 17. cxb4 Bb6 18. Rac1 a6 19. Rc6 Ne5 20. Nxe5 Qxe5 21. Bf3 Qf6 22. h3 Rfe8 23. Ng4 Rxe1+ 24. Qxe1 Qd8 25.
Qc3 Bf5 26. Ne3 Bd7 27. Rxd6 Qe7 28. Rc6 Bxc6 29. dxc6 Bxe3 30. fxe3 Rc8 31. Bd5 Qd6 32. e4 Rc7 33. a3 Re7 34. Qd4 Kh7 35. Qb6 f5 36.
Qd4 Qf4 37. Qf2 Qxf2+ 38. Kxf2 fxe4 39. Ke3 Kg6 40. Bxe4+ Kf6 41. Kd4 g5 42. Bd5 h5 43.
Bf3 h4 44. Kc5 Ke5 45. Kb6 Kd6 46. Kxa6 Kc7 47. Kxb5 Re5+ 48. Kc4 Kb6 49. a4 Rf5 50. a5+ Kc7 51. b5 Rf4+ 52. Kc3 Ra4 53. a6 Ra1 54. Kd4 Rc1 55. Ke4 Rb1 56. Be2 Rb2 57. Kf3 Rb3+ 58. Ke4 Rb2 59. Ke3 Rb3+ 60. Bd3 Rb2 61. a7 Ra2 62. Ke4 Rxa7 63. Kf5 Ra3 64. Be4 Ra4 65. Bf3 Rb4 66. Kxg5 Kb6 67. Bg4 Rxb5+ 68. Kxh4 Kxc6 69. Bf3+ Kd6 70. g4 Ke7 71. Kg3 Kf6 72. h4 Rc5 73.
Kf4 Rc4+ 74. Be4 Rb4 75. g5+ Kg7 76. h5 Rc4 77. Ke5 Rc5+ 78. Bd5 Ra5 79. Kd4 Ra4+ 80. Ke5 Ra5 81. Ke6 Ra6+ 82. Ke7 Ra7+ 83. Ke8 Ra5 84. h6+ Kg6 85. Be4+ Kxg5 86. h7 Re5+ 87. Kf7 Rxe4 88. h8=Q Rf4+ 89. Ke6 Kg4 90. Qg7+ Kf3 91. Ke5 Re4+ 92.
Kd5 Rf4 93. Qg6 Rg4 94. Qh5 Kf4 95. Qe5+ Kf3 96. Qh5 Kf4 97. Qe5+ Kf3 98. Qe1 Kf4 99. Qf2+ Kg5 100. Ke5 Kh5 101. Kf5 Rg5+ 102. Kf6 Rg6+ 103. Kf7 Rg4 104. Qf3 Kg5 105. Ke6 Rf4 106. Qg3+ Rg4 107. Qe3+ Kh5 108. Qh3+ Kg5 109. Ke5 Rh4 110. Qe3+ Kh5 111. Kf5 Rg4 112. Qh3+ Rh4 113. Qf3+ Kh6 114. Qg3 Rh5+ 115. Kf6 Rc5 116. Qg6# 1-0

[Event "Early-Titled-Tuesday-Blitz-October-17-2023"]
[Site "Chess.com"]
[Date "2023.10.17"]
[Round "5"]
[White "subham777"]
[Black "carokannlover213"]
[Result "1/2-1/2"]
[WhiteElo "2546"]
[BlackElo "2719"]
[TimeControl "180+1"]
[EndTime "8:52:03 PDT"]
[Termination "Game drawn by agreement"]

1. e4 c5 2. Nf3 d6 3. d4 cxd4 4.
Qxd4 Nf6 5. e5 Nc6 6. Bb5 Qa5+ 7.
Nc3 Qxb5 8. Nxb5 Nxd4 9. Nbxd4 dxe5 10. Nxe5 a6 1/2-1/2

[Event "Early-Titled-Tuesday-Blitz-October-17-2023"]
[Site "Chess.com"]
[Date "2023.10.17"]
[Round "5"]
[White "Rutricks"]
[Black "Hrant_ChessMood"]
[Result "0-1"]
[WhiteElo "2663"]
[BlackElo "2940"]
[TimeControl "180+1"]
[EndTime "8:52:14 PDT"]
[Termination "Hrant_ChessMood won by resignation"]

1. b3 d5 2. Bb2 c5 3. Nf3 Nc6 4. e3 a6 5. d4 Nf6 6. dxc5 Bg4 7. c4 e6 8. h3 Bxf3 9. Qxf3 Bxc5 10. Be2 Bb4+ 11.
Nc3 Ne4 0-1